 Dungeon Crawl Stone Soup version 0.21-a0-41-g5e91fef (webtiles) character file.

70 roguesci the Chiller (level 4, 0/32 HPs)
             Began as a Draconian Ice Elementalist on June 3, 2017.
             Slain by Grinder (5 damage)
             ... on level 2 of the Dungeon.
             The game lasted 00:06:34 (2590 turns).

roguesci the Chiller (Draconian Ice Elementalist)   Turns: 2590, Time: 00:06:35

Health: 0/32       AC:  6    Str:  9 (11) XL:     4   Next: 4%
Magic:  2/6        EV: 18    Int: 18 (21) God:
Gold:   164        SH:  0    Dex: 15 (16) Spells: 3/7 levels left

rFire    . . .     SeeInvis .   g - +0 dagger (venom)
rCold    . . .     Gourm    .   (no shield)
rNeg     . . .     Faith    .   (armour unavailable)
rPois    .         Spirit   .   (helmet restricted)
rElec    +         Reflect  .   (no cloak)
rCorr    .         Harm     .   c - +0 pair of gloves
MR       .....                  (no boots)
Stlth    +++.......             (no amulet)
Regen    0.1/turn               (no ring)
MPRegen  0.1/turn               (no ring)

@: brilliant, agile
A: unfitting armour, deterioration 1, frail 1, low mp 1, electricity resistance,
cold-blooded, AC +5
a: no special abilities


You were on level 2 of the Dungeon.
You were not hungry.

You visited 1 branch of the dungeon, and saw 3 of its levels.

You collected 164 gold pieces.

Inventory:

Hand Weapons
 g - a +0 dagger of venom (weapon)
Missiles
 f - 139 stones (quivered)
Armour
 c - a +0 pair of gloves (worn)
Jewellery
 j - an uncursed amulet of magic regeneration {unknown}
 n - a +5 ring of strength {unknown}
Scrolls
 d - a scroll of identify {unknown}
 e - 2 scrolls of teleportation {unknown}
 h - 2 scrolls of recharging {unknown}
Books
 a - a book of Frost

   Spells                             Type                      Level
   a - Freeze                         Ice                          1
   b - Throw Frost                    Conjuration/Ice              2
   c - Ozocubu's Armour               Charms/Ice                   3
   d - Throw Icicle                   Conjuration/Ice              4
   e - Summon Ice Beast               Ice/Summoning                4
Comestibles
 b - a bread ration
 l - a chunk of flesh


   Skills:
 * Level 2.2 Fighting
 + Level 2.2 Dodging
 + Level 2.2 Stealth
 * Level 2.3 Spellcasting
   Level 1.0 Conjurations
 * Level 0.0 Charms
 + Level 3.4 Ice Magic


You had 3 spell levels left.
You knew the following spells:

 Your Spells              Type           Power        Failure   Level  Hunger
a - Freeze                Ice            ####         1%          1    #......
b - Ozocubu's Armour      Chrm/Ice       ###.....     3%          3    ###....


Dungeon Overview and Level Annotations

Branches:
Dungeon (3/15)

Altars:
Gozag
Ru

Annotations:
D:2 Grinder


Innate Abilities, Weirdness & Mutations

Your plain brown scales are hard. (AC +5)
You cannot fit into any form of body armour.
You are cold-blooded and may be slowed by cold attacks.
Your body sometimes deteriorates upon taking damage.
You are frail. (-10% HP)
Your magical capacity is low. (-10% MP)
You are resistant to electric shocks. (rElec)


Message History

You feel clever all of a sudden. Grinder completely misses you.
It was a potion of degeneration.
There was something very wrong with that liquid.
You feel weakened.
You feel dopey.
You feel clumsy. Grinder misses you.
It was a potion of mutation.
You feel extremely strange.
You feel yourself wasting away.
You feel frail.
You feel less energetic.
You feel insulated. Grinder barely misses you.
Grinder blinks!
Grinder gestures at you. Pain shoots through your body! Grinder misses you.
Grinder says, "DUCK!"
Grinder barely misses you. Grinder hits you!
* * * LOW HITPOINT WARNING * * *
You writhe in agony.
You die...

##.###.#
#.#####.#PP.P^#####..#
#####.# #.#
#########....)##
#.....# #.# #####...#
##...## #.##### #.#
#.......# ##'## #.#
#.# #.###...# #.# #.#
#.# #.# #.### #.# #.#
#.###.###.#######.##
#.#
#.....5............##
#.#
#####@###.#####.....##
####.# #.# #.#
#......... .....#
#.###.###.##..####
###### #.........##..#
#####.######).# #.#
#..# #.######..#
#.........#
#########.####


You could see Grinder.

Vanquished Creatures
  An adder (D:2)
  A worm (D:3)
  A dart slug (D:2)
  3 leopard geckos (D:2)
  A ball python (D:2)
  2 giant cockroaches
  4 hobgoblins
  8 jackals
  4 kobolds
  A quokka (D:2)
  8 bats
  2 frilled lizards
  5 goblins
  7 rats
48 creatures vanquished.

Notes
Turn   | Place    | Note
-------+----------+-------------------------------------------
     0 | D:1      | roguesci the Draconian Ice Elementalist began the quest for the Orb.
     0 | D:1      | Reached XP level 1. HP: 14/14 MP: 3/3
   622 | D:1      | Reached skill level 1 in Fighting
   919 | D:1      | Reached XP level 2. HP: 19/23 MP: 3/5
  1395 | D:2      | Found an opulent altar of Gozag.
  1445 | D:2      | Reached XP level 3. HP: 16/29 MP: 0/6
  1773 | D:2      | Learned a level 3 spell: Ozocubu's Armour
  2100 | D:2      | Found a sacrificial altar of Ru.
  2415 | D:3      | Reached XP level 4. HP: 31/36 MP: 0/7
  2505 | D:3      | Noticed Grinder
  2543 | D:2      | Paralysed by Grinder for 7 turns
  2568 | D:2      | Paralysed by Grinder for 4 turns
  2585 | D:2      | Gained mutation: Your body sometimes deteriorates upon taking damage. [potion of mutation]
  2585 | D:2      | Gained mutation: You are frail. (-10% HP) [potion of mutation]
  2585 | D:2      | Gained mutation: Your magical capacity is low. (-10% MP) [potion of mutation]
  2585 | D:2      | Gained mutation: You are resistant to electric shocks. (rElec) [potion of mutation]
  2590 | D:2      | Slain by Grinder

Vault maps used:
D:1:      dpeg_chamrin_arrival_tetris, kennysheep_flooded_box
D:2:      nicolae_ru_the_path_less_chosen, nicolae_overflow_crystal_walls,
          item_on_display_a
D:3:      uniq_robin, uniq_terence, uniq_grinder

Skill      XL: |  1  2  3 |
---------------+----------+-----
Fighting       | 1 2 |  2.2
Stealth        | 2 |  2.2
Dodging        | 2 |  2.2
Spellcasting   | |  2.3
Conjurations   | |  1.0
Ice Magic      | |  3.4

Action                   |  1- 3 |  4- 6 || total
-------------------------+-------+-------++-------
Melee: Unarmed           |    38 |       ||    38
       Tailslap          |    11 |       ||    11
       Dagger            |    92 |     8 ||   100
Throw: Stone             |     7 |     1 ||     8
 Cast: Freeze            |    26 |     4 ||    30
       Ozocubu's Armour  |     2 |     1 ||     3
  Use: Potion            |     1 |     4 ||     5
 Stab: Distracted        |     1 |       ||     1
       Sleeping          |     1 |       ||     1
  Eat: Chunk             |     5 |     1 ||     6
Armor: Skin              |    55 |     5 ||    60
Dodge: Dodged            |   100 |    10 ||   110
